% Time on Ice - LAS VEGAS LIZARD KINGS
Lines # - Real PCT - Wanted PCT - Time Play
Normal Forward
1 - 35% - 32% - 15:15
2 - 29% - 31% - 12:51
3 - 23% - 30% - 10:02
4 - 13% - 7% - 5:28
Normal Defense
1 - 34% - 43% - 14:51
2 - 37% - 42% - 16:16
3 - 24% - 15% - 10:34
4 - 4% - 0% - 1:55
PP Forward
1 - 46% - 70% - 2:44
2 - 54% - 30% - 3:13
PP Defense
1 - 55% - 70% - 3:16
2 - 45% - 30% - 2:41
PK Forward
1 - 92% - 65% - 7:45
2 - 8% - 35% - 0:43
PK Defense
1 - 60% - 75% - 5:05
2 - 40% - 25% - 3:23
PK3 Forward
1 - 0% - 55%
2 - 0% - 45%
PK3 Defense
1 - 0% - 50%
2 - 0% - 50%
44 Forward
1 - 58% - 55% - 1:09
2 - 42% - 45% - 0:50
44 Defense
1 - 58% - 55% - 1:09
2 - 42% - 45% - 0:50
Last Minute Offensive  - 0:00
Last Minute Defensive  - 0:00
Total
Forward - 60:00
Defense - 60:00
% Time on Ice - EDMONTON ICE
Lines # - Real PCT - Wanted PCT - Time Play
Normal Forward
1 - 32% - 36% - 14:04
2 - 30% - 34% - 12:54
3 - 23% - 24% - 10:08
4 - 15% - 6% - 6:30
Normal Defense
1 - 34% - 36% - 14:56
2 - 32% - 34% - 14:06
3 - 31% - 23% - 13:37
4 - 2% - 7% - 0:57
PP Forward
1 - 55% - 60% - 4:38
2 - 45% - 40% - 3:50
PP Defense
1 - 55% - 55% - 4:40
2 - 45% - 45% - 3:48
PK Forward
1 - 56% - 55% - 3:21
2 - 44% - 45% - 2:36
PK Defense
1 - 38% - 55% - 2:17
2 - 62% - 45% - 3:40
PK3 Forward
1 - 0% - 55%
2 - 0% - 45%
PK3 Defense
1 - 0% - 55%
2 - 0% - 45%
44 Forward
1 - 56% - 55% - 1:07
2 - 44% - 45% - 0:52
44 Defense
1 - 44% - 55% - 0:52
2 - 56% - 45% - 1:07
Last Minute Offensive  - 0:00
Last Minute Defensive  - 0:00
Total
Forward - 60:00
Defense - 60:00
Play-by-Play 1st period 0:01 of 1st period - Sean Monahan wins face-off versus Ryan O'Reilly in neutral zone. 0:15 of 1st period - Ryan O'Reilly is hit by Brayden McNabb and loses puck. 0:24 of 1st period - Shot by Anthony Mantha. 0:24 of 1st period - Deflect By Kasperi Kapanen. 0:24 of 1st period - Shot Misses the Net. 0:26 of 1st period - Shot by Kasperi Kapanen. 0:26 of 1st period - Stopped by Marc-Andre Fleury without a rebound. 0:27 of 1st period - Valtteri Filppula wins face-off versus Ryan Nugent-Hopkins in LAS VEGAS LIZARD KINGS zone. 0:34 of 1st period - Shot by Patric Hornqvist. 0:34 of 1st period - Shot Misses the Net. 1:43 of 1st period - Shot by Derek Ryan. 1:43 of 1st period - Shot Misses the Net. 1:57 of 1st period - Shot by Derek Ryan. 1:57 of 1st period - Stopped by Jake Allen with a rebound. 1:59 of 1st period - Shot by Barclay Goodrow. 1:59 of 1st period - Shot Hit the Post. 2:01 of 1st period - Shot by Derek Ryan. 2:01 of 1st period - Stopped by Jake Allen without a rebound. 2:02 of 1st period - Sean Monahan wins face-off versus Ryan O'Reilly in EDMONTON ICE zone. 2:19 of 1st period - Shot by Sean Monahan. 2:19 of 1st period - Stopped by Jake Allen without a rebound. 2:20 of 1st period - Oscar Lindberg wins face-off versus Evan Rodrigues in EDMONTON ICE zone. 3:00 of 1st period - Evan Rodrigues is hit by Oscar Lindberg and loses puck. 3:30 of 1st period - Shot by Kasperi Kapanen. 3:30 of 1st period - Shot Misses the Net. 3:37 of 1st period - Icing by Matt Niskanen. 3:38 of 1st period - Valtteri Filppula wins face-off versus Sean Monahan in LAS VEGAS LIZARD KINGS zone. 4:03 of 1st period - Shot by Nino Niederreiter. 4:03 of 1st period - Stopped by Jake Allen with a rebound. 4:05 of 1st period - Shot by Sean Monahan. 4:05 of 1st period - Goal by Sean Monahan - LAS VEGAS LIZARD KINGS : 1 - EDMONTON ICE : 0. 4:06 of 1st period - Ryan Nugent-Hopkins wins face-off versus Conor Sheary in neutral zone. 5:10 of 1st period - Shot by Anthony Mantha. 5:10 of 1st period - Shot Misses the Net. 5:14 of 1st period - Shot by Anthony Mantha. 5:14 of 1st period - Stopped by Marc-Andre Fleury without a rebound. 5:15 of 1st period - Sean Monahan wins face-off versus Valtteri Filppula in LAS VEGAS LIZARD KINGS zone. 5:23 of 1st period - Sean Monahan is hit by Andrew MacDonald and loses puck. 5:34 of 1st period - Shot by Jaden Schwartz. 5:34 of 1st period - Shot Misses the Net. 5:35 of 1st period - Minor Penalty to Patric Hornqvist for Holding. 5:36 of 1st period - Sean Monahan wins face-off versus Eric Fehr in EDMONTON ICE zone. 6:46 of 1st period - Icing by Brent Burns. 6:47 of 1st period - Derek Ryan wins face-off versus Oscar Lindberg in LAS VEGAS LIZARD KINGS zone. 7:37 of 1st period - Icing by Casey Nelson. 7:38 of 1st period - Valtteri Filppula wins face-off versus Evan Rodrigues in EDMONTON ICE zone. 8:05 of 1st period - Shot by Jaden Schwartz. 8:05 of 1st period - Shot Misses the Net. 8:26 of 1st period - Icing by Casey Nelson. 8:27 of 1st period - Sean Monahan wins face-off versus Valtteri Filppula in EDMONTON ICE zone. 8:38 of 1st period - Icing by Patric Hornqvist. 8:39 of 1st period - Valtteri Filppula wins face-off versus Sean Monahan in EDMONTON ICE zone. 8:49 of 1st period - Nino Niederreiter is hit by Patric Hornqvist and loses puck. 9:39 of 1st period - Minor Penalty to Jeff Petry for Tripping. 9:40 of 1st period - Derek Ryan wins face-off versus Eric Fehr in EDMONTON ICE zone. 10:36 of 1st period - Icing by Brayden McNabb. 10:37 of 1st period - Sean Monahan wins face-off versus Eric Fehr in LAS VEGAS LIZARD KINGS zone. 11:17 of 1st period - Shot by Mike Ferland. 11:17 of 1st period - Stopped by Jake Allen without a rebound. 11:18 of 1st period - Eric Fehr wins face-off versus Mike Ferland in EDMONTON ICE zone. 11:35 of 1st period - Shot by Ryan Nugent-Hopkins. 11:35 of 1st period - Stopped by Jake Allen with a rebound. 11:42 of 1st period - Icing by Barclay Goodrow. 11:43 of 1st period - Kasperi Kapanen wins face-off versus Evan Rodrigues in LAS VEGAS LIZARD KINGS zone. 12:14 of 1st period - Shot by Anthony Mantha. 12:14 of 1st period - Shot Misses the Net. 12:16 of 1st period - Shot by Ryan O'Reilly. 12:16 of 1st period - Stopped by Marc-Andre Fleury without a rebound. 12:17 of 1st period - Ryan Nugent-Hopkins wins face-off versus Valtteri Filppula in LAS VEGAS LIZARD KINGS zone. 12:56 of 1st period - Shot by Jaden Schwartz. 12:56 of 1st period - Shot Blocked by Matt Niskanen. 12:58 of 1st period - Shot by Jaden Schwartz. 12:58 of 1st period - Shot Misses the Net. 13:15 of 1st period - Icing by Conor Sheary. 13:16 of 1st period - Ondrej Kase wins face-off versus Derek Ryan in EDMONTON ICE zone. 13:16 of 1st period - Ondrej Kase is hit by Mike Ferland. 13:34 of 1st period - Shot by Eric Fehr. 13:34 of 1st period - Shot Misses the Net. 13:46 of 1st period - Shot by Derek Ryan. 13:46 of 1st period - Shot Misses the Net. 13:48 of 1st period - Shot by Mike Ferland. 13:48 of 1st period - Stopped by Jake Allen without a rebound. 13:49 of 1st period - Ryan O'Reilly wins face-off versus Sean Monahan in EDMONTON ICE zone. 13:57 of 1st period - Johnny Gaudreau is hit by Colton Parayko and loses puck. 14:00 of 1st period - Shot by Alex Petrovic. 14:00 of 1st period - Stopped by Jake Allen without a rebound. 14:01 of 1st period - Ryan Nugent-Hopkins wins face-off versus Anthony Mantha in EDMONTON ICE zone. 14:06 of 1st period - Shot by Ryan Nugent-Hopkins. 14:06 of 1st period - Shot Misses the Net. 15:13 of 1st period - Shot by Mike Ferland. 15:13 of 1st period - Stopped by Jake Allen without a rebound. 15:14 of 1st period - Eric Fehr wins face-off versus Sean Monahan in EDMONTON ICE zone. 16:15 of 1st period - Shot by Patric Hornqvist. 16:15 of 1st period - Stopped by Marc-Andre Fleury without a rebound. 16:16 of 1st period - Oscar Lindberg wins face-off versus Barclay Goodrow in LAS VEGAS LIZARD KINGS zone. 16:45 of 1st period - Shot by Mike Ferland. 16:45 of 1st period - Stopped by Jake Allen with a rebound. 17:02 of 1st period - Icing by Markus Nutivaara. 17:03 of 1st period - Oscar Lindberg wins face-off versus Ryan Nugent-Hopkins in EDMONTON ICE zone. 17:20 of 1st period - Shot by Joel Armia. 17:20 of 1st period - Deflect By Ryan Nugent-Hopkins. 17:20 of 1st period - Shot Blocked by Kasperi Kapanen. 17:23 of 1st period - Minor Penalty to Bobby Ryan for Hooking. 17:24 of 1st period - Derek Ryan wins face-off versus Ryan O'Reilly in LAS VEGAS LIZARD KINGS zone. 17:43 of 1st period - Shot by Ryan O'Reilly. 17:43 of 1st period - Stopped by Marc-Andre Fleury without a rebound. 17:44 of 1st period - Valtteri Filppula wins face-off versus Derek Ryan in LAS VEGAS LIZARD KINGS zone. 17:51 of 1st period - Shot by Anthony Mantha. 17:51 of 1st period - Goal by Anthony Mantha - LAS VEGAS LIZARD KINGS : 1 - EDMONTON ICE : 1. 17:52 of 1st period - Ryan O'Reilly wins face-off versus Sean Monahan in neutral zone. 18:00 of 1st period - Shot by Kasperi Kapanen. 18:00 of 1st period - Shot Blocked by Johnny Gaudreau. 18:02 of 1st period - Shot by Oscar Klefbom. 18:02 of 1st period - Shot Misses the Net. 18:04 of 1st period - Shot by Anthony Mantha. 18:04 of 1st period - Stopped by Marc-Andre Fleury without a rebound. 18:05 of 1st period - Evan Rodrigues wins face-off versus Jaden Schwartz in LAS VEGAS LIZARD KINGS zone. 18:44 of 1st period - Evan Rodrigues is hit by Colton Parayko and loses puck. 18:57 of 1st period - Shot by Johnny Gaudreau. 18:57 of 1st period - Shot Misses the Net. 19:08 of 1st period